 Dungeon Crawl Stone Soup version 0.32-a0-918-g0f22ef8d61 (webtiles) character file.

Game seed: 14968737079254200212

561 Ofeo the Trooper (level 7, 60/60 HPs)
             Began as a Coglin Brigand on Apr 11, 2024.
             Quit the game in the Ecumenical Temple.
             The game lasted 00:04:55 (3717 turns).

Ofeo the Trooper (Coglin Brigand)                   Turns: 3717, Time: 00:04:56

Health: 60/60      AC:  7    Str: 13    XL:     7   Next: 31%
Magic:  16/16      EV:  9    Int: 10    God:
Gold:   132        SH:  0    Dex: 16    Spells: 6/6 levels left

rFire   . . .        c - +2 dagger (venom) {Bonhwa}
rCold   . . .        l - +2 dagger (venom) {Cortez}
rNeg    . . .        h - +0 ring mail
rPois   .            u - +0 helmet of Kama {Will+ MP+9}
rElec   .            n - scarf {repulsion}
rCorr   .            (no gloves)
SInv    .            m - +0 pair of boots
Will    +....        (amulet unavailable)
Stlth   ++           (ring unavailable)
HPRegen 0.30/turn    (ring unavailable)
MPRegen 0.15/turn    (no gizmo)

%: repel missiles
@: no status effects
A: off-hand wielding, slow wielding, warmup strikes, no jewellery
a: Invent Gizmo


You were in the Ecumenical Temple.
You visited 2 branches of the dungeon, and saw 5 of its levels.

You collected 132 gold pieces.

Inventory:

Hand Weapons
 a - a +2 dagger of flaming {Paramjit}
 c - a +2 dagger of venom (weapon) {Bonhwa}
 f - a +0 dagger {Haoran}
 l - a +2 dagger of venom (offhand) {Cortez}
 r - a +3 short sword
Missiles
 d - 9 poisoned darts (quivered)
 e - 3 curare-tipped darts
Armour
 h - a +0 ring mail (worn)
 k - a +0 crystal plate armour
 m - a +0 pair of boots (worn)
 n - a scarf of repulsion (worn)
 u - the +0 helmet of Kama (worn) {Will+ MP+9}
   (You took it off Robin on level 4 of the Dungeon)

   Will+:     It increases your willpower.
   MP+9:      It affects your magic capacity (+9).
Wands
 b - a wand of charming (8)
 s - a wand of flame (18)
Scrolls
 j - a scroll of teleportation {@r3}
 o - a scroll of vulnerability {unknown}
 q - a scroll of enchant armour {unknown}
 t - a scroll of amnesia {unknown}
Potions
 g - a potion of lignification {unknown}
 i - a potion of mutation {unknown}
 p - a potion of cancellation {unknown}
 R - 2 potions of berserk rage


   Skills:
 + Level 7.4 Fighting
 - Level 2.1 Short Blades
 - Level 2.1 Throwing
 - Level 1.3 Dodging
 - Level 3.4 Stealth


You had 6 spell levels left.
You didn't know any spells.
Your spell library contained the following spells:

 Spells                   Type           Power      Damage    Failure   Level
 Freeze                   Ice            0%         1d3       63%         1
 Sting                    Conj/Alch      0%         1d3       63%         1
 Ensorcelled Hibernation  Hex/Ice        0%         N/A       77%         2
 Mercury Vapours          Alch/Air       0%         N/A       77%         2
 Frozen Ramparts          Ice            0%         1d1       94%         3
 Fugue of the Fallen      Necr           0%         N/A       94%         3
 Hailstorm                Conj/Ice       0%         3d5       94%         3
 Ozocubu's Armour         Ice            0%         N/A       94%         3
 Anguish                  Hex/Necr       0%         N/A       100%        4
 Olgreb's Toxic Radiance  Alch           0%         N/A       100%        4
 Metabolic Englaciation   Hex/Ice        0%         N/A       100%        5


Dungeon Overview and Level Annotations

Branches:
Dungeon (4/15)             Temple (1/1) D:4

Altars:
Ashenzari
Dithmenos
Elyvilon
Fedhas
Gozag
Hepliaklqana
Makhleb
Nemelex Xobeh
Okawaru
Qazlal
Sif Muna
Uskayaw
Vehumet
Wu Jian
Xom
Yredelemnul
Zin
The Shining One


Innate Abilities, Weirdness & Mutations

You can wield a second weapon in your off-hand.
It takes a long time for you to wield or remove held weapons.
Your first few attacks do less damage.
You cannot equip rings or amulets.


Message History

Ijyb looks as sick as possible!
Ijyb is severely wounded.
You hit Ijyb with your +2 dagger of venom.
Ijyb looks as sick as possible!
Ijyb zaps a wand.
The puff of flame hits you.
You take 3 damage, and have 54/60 hp.
You closely miss Ijyb with your +2 dagger of venom.
Ijyb is severely wounded.
You hit Ijyb but do no damage.
Ijyb looks as sick as possible!
Ijyb hits you with a +0 dagger.
You take 3 damage, and have 51/60 hp.
You hit Ijyb but do no damage.
Ijyb is severely wounded.
You hit Ijyb with your +2 dagger of venom.
Ijyb hits you but does no damage.
You closely miss Ijyb with your +2 dagger of venom.
Ijyb is almost dead.
You barely miss Ijyb with your +2 dagger of venom.
You kill Ijyb!
No target in view!
s - a wand of flame (18)
Things that are here:
a +0 dagger; a +0 leather armour; the goblin corpse of Ijyb Done exploring.
Health restored: 60 Done exploring.
No target in view!
Done exploring.
No target in view!
Done exploring.
No target in view!
Done exploring.
Search for what [Enter for "boot", or ? for help]? .
There is a fountain of clear blue water here.
There is a fountain of clear blue water here.
There is a staircase to the Ecumenical Temple here.
You climb downwards.
Welcome to the Ecumenical Temple!
Found a staircase back to the Dungeon.
There is a staircase back to the Dungeon here.
Search for what [Enter for "."]? .
Are you sure you want to abandon this character and quit the game? (Confirm with "yes".)

.................................
.##.........#.......#.........##.
####≈.....≈###.....###≈.....≈####
# ##.....#####...#####.....## # #
##...###≈≈.....≈≈###...## # ##
##.....##≈≈.....≈≈##.....## ##
.###.......#.........#.......###.
.................................
.......⌠........@........⌠.......
.................................
.###.......#.........#.......###.
## ##.....##≈≈.....≈≈##.....## ##
# ##...###≈≈.....≈≈###...## # #
##.....#####...#####.....## #
####≈.....≈###.....###≈.....≈####
.##.........#.......#.........##.
.................................


There were no monsters in sight!

Vanquished Creatures
  Duvessa (D:4)
  A scorpion (D:3)
  Dowan (D:4)
  A hound (D:4)
  Ijyb (D:4)
  Natasha (thrice) (D:4)
  A scorpion zombie (D:4)
  Robin (D:4)
  4 gnolls (D:4)
  4 adders (D:3)
  An adder zombie (D:4)
  5 dart slugs
  9 bats
  9 endoplasms
  7 giant cockroaches
  19 goblins
  8 hobgoblins
  5 jackals
  4 kobolds
  7 ball pythons
  A frilled lizard (D:3)
  3 rats
96 creatures vanquished.

Notes
Turn   | Place    | Note
-------+----------+-------------------------------------------
     0 | D:1      | Ofeo the Coglin Brigand began the quest for the Orb.
     0 | D:1      | Reached XP level 1. HP: 16/16 MP: 1/1
    19 | D:1      | Reached skill level 1 in Dodging
    57 | D:1      | Reached XP level 2. HP: 22/22 MP: 2/2
   439 | D:1      | Reached XP level 3. HP: 27/27 MP: 3/3
  1144 | D:2      | Reached skill level 3 in Fighting
  1345 | D:2      | Reached XP level 4. HP: 35/35 MP: 4/4
  1595 | D:3      | Found a faded altar of an unknown god.
  1945 | D:3      | Reached skill level 4 in Fighting
  2012 | D:3      | Noticed a scorpion
  2019 | D:3      | Killed a scorpion
  2020 | D:3      | Reached XP level 5. HP: 27/43 MP: 5/5
  2304 | D:3      | Reached skill level 5 in Fighting
  2562 | D:4      | Noticed Natasha
  2567 | D:4      | Killed Natasha
  2595 | D:4      | Noticed Duvessa
  2597 | D:4      | Noticed Dowan
  2735 | D:4      | Killed Duvessa
  2736 | D:4      | Reached skill level 6 in Fighting
  2736 | D:4      | Reached XP level 6. HP: 28/52 MP: 6/6
  2742 | D:4      | Killed Dowan
  2972 | D:4      | Identified the +0 leather armour "Olittuff" {rF+}
  3060 | D:4      | Noticed Natasha
  3067 | D:4      | Killed Natasha
  3068 | D:4      | Reached XP level 7. HP: 42/59 MP: 7/7
  3089 | D:4      | Noticed Natasha
  3095 | D:4      | Killed Natasha
  3096 | D:4      | Reached skill level 7 in Fighting
  3155 | D:4      | Found a glowing silver altar of Zin.
  3241 | D:4      | Found a staircase to the Ecumenical Temple.
  3306 | D:4      | Identified the +0 helmet of Kama {Will+ MP+9}
  3306 | D:4      | Noticed Robin
  3331 | D:4      | Killed Robin
  3596 | D:4      | Found a basalt altar of Yredelemnul.
  3628 | D:4      | Noticed Ijyb
  3639 | D:4      | Killed Ijyb
  3716 | Temple   | Entered the Ecumenical Temple
  3717 | Temple   | Quit the game

Illustrated notes

Levels and vault maps discovered:
D:1:      dpeg_arrival_boxes_within_box, layout_basic, minmay_worlds_worst_comb
D:2:      layout_rooms
D:3:      layout_loops_ring, ebering_ecumenical_altar_hall, st_stairs_7,
          chequers_serial_rivers_micro_b
D:4:      layout_rooms, mainiacjoe_overflow_small_starburst,
          lemuel_zombie_altar_yredelemnul, minmay_temple_entry_nine_rooms,
          uniq_robin, uniq_natasha, uniq_ijyb, uniq_duvessa
Temple:   nicolae_temple_slightly_damp_pantheon

Skill      XL: |  1  2  3  4  5  6  7 |
---------------+----------------------+-----
Dodging        | 1 |  1.3
Short Blades   | 2 |  2.1
Throwing       | 2 |  2.1
Fighting       | 3 4 6 7 |  7.4
Stealth        | |  3.4

Action                     |  1- 3 |  4- 6 |  7- 9 || total
---------------------------+-------+-------+-------++-------
  Melee: Dagger            |   132 |   186 |    57 ||   375
    Use: Scroll            |       |     3 |       ||     3
         Potion            |       |     1 |       ||     1
   Stab: Sleeping          |     8 |     5 |     1 ||    14
         Distracted        |       |     1 |       ||     1
 Armour: Robe              |     9 |       |       ||     9
         Ring mail         |    33 |    70 |    33 ||   136
  Dodge: Dodged            |    23 |    50 |    10 ||    83
         Repelled          |     1 |       |       ||     1

Table legend: (Time is in decaauts)
 A = Elapsed time spent in this place.
 B = Non-inter-level travel time spent in this place.
 C = Inter-level travel time spent in this place.
 D = Time resting spent in this place.
 E = Time spent auto-exploring this place.
 F = Levels seen in this place.
 G = Mean time per level.
                   A        B        C        D        E       F      G
               +--------+--------+--------+--------+--------+-----+--------+
         Total |   3702 |   3500 |    202 |    148 |   2686 |   5 |  740.4 |
       Dungeon |   3701 |   3499 |    202 |    148 |   2686 |   4 |  925.2 |
        Temple |      0 |      0 |      0 |      0 |      0 |   1 |    0.0 |
               +--------+--------+--------+--------+--------+-----+--------+

Top non-repeatable levels by time:
     D:3: 1110 daAuts
     D:4: 1086 daAuts
     D:1: 859 daAuts
     D:2: 644 daAuts
  Temple: 0 daAuts
